 Dungeon Crawl Stone Soup version 0.28-a0-1235-g7c8fac35f0 (webtiles) character file.

Game seed: 4575321168441504880

516 bearlyready the Ruffian (level 7, 0/52 HPs)
             Began as a Purple Draconian Transmuter on Dec 24, 2021.
             Slain by an orc (9 damage)
             ... on level 4 of the Dungeon.
             The game lasted 00:07:19 (5045 turns).

bearlyready the Ruffian (DrTm)                      Turns: 5045, Time: 00:07:20

Health: 0/52       AC:  2    Str: 12    XL:     7   Next: 0%
Magic:  10/10      EV: 19    Int: 16    God:
Gold:   219        SH:  0    Dex: 16    Spells: 4/10 levels left

rFire   + . .      SeeInvis .     - Unarmed
rCold   . . .      Faith    .   (shield currently unavailable)
rNeg    + . .      Spirit   .   (armour unavailable)
rPois   x          Reflect  .   (helmet currently unavailable)
rElec   .          Harm     .   (cloak currently unavailable)
rCorr   .          Rampage  .   (gloves currently unavailable)
Will    +....                   (boots currently unavailable)
Stlth   +.........              (no amulet)
HPRegen 0.17/turn               g - ring of protection from fire
MPRegen 0.12/turn               i - ring of positive energy

@: confused, spider-form, wereblooded, very slightly contaminated
A: venomous fangs, (breathe power), AC +6, tiny, unfitting armour,
(cold-blooded)
a: End Transformation


You were on level 4 of the Dungeon.
You were a venomous arachnid creature.
You visited 2 branches of the dungeon, and saw 5 of its levels.

You collected 219 gold pieces.

Inventory:

Jewellery
 g - a ring of protection from fire (left front leg)
 i - a ring of positive energy (right front leg)
Scrolls
 a - a scroll of enchant weapon {unknown}
 c - a scroll of blinking {unknown}
 e - a scroll of acquirement {unknown}
 h - 2 scrolls of fog
 j - 2 scrolls of amnesia
 k - a scroll of teleportation
 m - a scroll of noise {unknown}
 n - a scroll of enchant armour {unknown}
 p - a scroll of holy word {unknown}
Potions
 b - a potion of lignification {unknown}
 d - 2 potions of invisibility
 l - a potion of magic
 o - a potion of mutation {unknown}


   Skills:
 - Level 1.1 Fighting
 - Level 1.7 Dodging
 + Level 5.5 Unarmed Combat
 - Level 2.4 Spellcasting
 + Level 5.0 Transmutations
 - Level 3.0 Poison Magic


You had 4 spell levels left.
You knew the following spells:

 Your Spells              Type           Power      Damage    Failure   Level
a - Beastly Appendage     Tmut           36%        N/A       10%         1
b - Wereblood             Tmut           18%        N/A       12%         2
c - Spider Form           Tmut/Pois      14%        N/A       28%         3

Your spell library contained the following spells:

 Spells                   Type           Power      Damage    Failure   Level
 Passwall                 Tmut/Erth      8%         N/A       26%         2
 Magic Dart               Conj           4%         1d3       41%         1
 Slow                     Hex            4%         N/A       41%         1
 Searing Ray              Conj           2%         2d4       52%         2
 Confusing Touch          Hex            1%         N/A       73%         3
 Swiftness                Air            1%         N/A       73%         3
 Vampiric Draining        Necr           1%         2d6       73%         3
 Ice Form                 Ice/Tmut       10%        N/A       77%         4
 Fulminant Prism          Conj/Hex       0%         3d6       97%         4
 Borgnjor's Revivificati  Necr           0%         N/A       100%        8
 Necromutation            Tmut/Necr      5%         N/A       100%        8
 Death's Door             Necr           0%         N/A       100%        9


Dungeon Overview and Level Annotations

Branches:
Dungeon (4/15)             Temple (1/1) D:4

Altars:
Ashenzari
Cheibriados
Fedhas
Kikubaaqudgha
Okawaru
Xom
Yredelemnul
The Shining One
Lugonu


Innate Abilities, Weirdness & Mutations

You are a venomous arachnid creature.
You have poisonous fangs.
You are tiny and dextrous.
Your spellcasting is less reliable in this form.
Your armour is entirely melded.
You are incapable of wielding weapons or throwing items.
((You can breathe bolts of dispelling energy.))
((Your rich purple scales are hard. (AC +6)))
You cannot fit into any form of body armour.
((You are cold-blooded and may be slowed by cold attacks.))


Message History

Confirm with . or Enter, or press ? or * to list all spells.
You turn into a venomous arachnid creature.
The orc wizard hits you with a +0 dagger.
You hit the orc priest but do no damage.
The orc priest is poisoned.
The orc wizard misses you.
The orc priest mumbles some strange prayers to Beogh against you.
Beogh smites you!
You hit the orc priest.
The orc priest is heavily wounded.
The orc misses you.
The orc wizard points at you and mumbles some strange words.
You are confused.
You hit the orc wizard.
The orc wizard is poisoned.
The orc wizard is heavily wounded.
The orc priest looks satisfied for a moment.
The orc misses you.
You bump into the rock wall.
The orc wizard barely misses you.
The orc throws a boomerang.
The boomerang closely misses you. The orc misses you.
The orc wizard completely misses you. The orc priest barely misses you.
The orc barely misses you. The orc completely misses you.
You're too confused to move!
The orc wizard hits you with a +0 dagger.
The orc priest begins to cast a cantrip, but forgets the words!
The orc misses you. The orc hits you with a +0 hand axe.
The orc wizard hits you with a +0 dagger.
The orc priest completely misses you. The orc misses you.
You hit the orc priest but do no damage.
The orc priest looks even sicker.
The orc priest is severely wounded.
The orc wizard hits you with a +0 dagger.
* * * LOW HITPOINT WARNING * * *
The orc closely misses you. The orc priest barely misses you.
The orc hits you with a +0 hand axe.
* * * LOW HITPOINT WARNING * * *
It was a potion of magic.
Magic courses through your body.
The orc wizard hits you with a +0 dagger.
* * * LOW HITPOINT WARNING * * *
The orc hits you with a +0 flail!
You die...

.....................[...........
.8.8.8...8.......................
...............................))
.....................#...........
.....................#...........
.8[..8....#.......#..#........#..
.................##.........##...
. . .....8.....oo###....#######8.
.. ...........os..#....#........
.8. .8...8.#....o.......#........
##. ......###.###..#.####°.......
..........##.....# ..○°°...
............>##.## ○.......
.............##..# .○......
............###..# ........
...........###.. ........
...........# ...○....


You could see an orc priest (very poisoned), an orc wizard (very poisoned) and 2
orcs.

Vanquished Creatures
  A water moccasin (D:4)
  A bullfrog (D:4)
  A scorpion (D:4)
  A water moccasin skeleton (D:2)
  An iguana (D:3)
  2 orc wizards
  A killer bee zombie (D:4)
  2 hound skeletons (D:4)
  3 gnolls (D:4)
  2 adders
  An ufetubus (D:4)
  A worm (D:2)
  2 dart slugs
  6 orcs
  2 bats (D:1)
  6 endoplasms
  5 goblins
  7 hobgoblins
  4 jackals
  4 quokkas
  2 ball pythons (D:4)
  3 frilled lizards
  4 kobolds
  5 rats
67 creatures vanquished.

Notes
Turn   | Place    | Note
-------+----------+-------------------------------------------
     0 | D:1      | bearlyready the Draconian Transmuter began the quest for
                  | the Orb.
     0 | D:1      | Reached XP level 1. HP: 16/16 MP: 3/3
   207 | D:1      | Reached XP level 2. HP: 21/23 MP: 5/5
  1448 | D:2      | Reached XP level 3. HP: 27/28 MP: 6/6
  1458 | D:2      | Learned a level 2 spell: Wereblood
  1462 | D:2      | Learned a level 3 spell: Spider Form
  1671 | D:2      | Reached skill level 1 in Poison Magic
  1671 | D:2      | Reached XP level 4. HP: 14/35 MP: 7/7
  1882 | D:2      | Found a faded altar of an unknown god.
  2595 | D:3      | Found an iron altar of Okawaru.
  3290 | D:3      | Reached XP level 5. HP: 25/40 MP: 2/8
  3864 | D:4      | Reached XP level 6. HP: 22/47 MP: 7/9
  4368 | D:4      | Reached skill level 5 in Unarmed Combat
  4727 | D:4      | Noticed a water moccasin
  4759 | D:4      | Found a staircase to the Ecumenical Temple.
  4768 | Temple   | Entered the Ecumenical Temple
  4852 | D:4      | Killed a water moccasin
  4853 | D:4      | Reached skill level 5 in Transmutations
  4853 | D:4      | Your scales start taking on a rich purple colour.
  4853 | D:4      | Reached XP level 7. HP: 33/52 MP: 6/10
  5045 | D:4      | Slain by an orc

Illustrated notes

Levels and vault maps discovered:
D:1:      minmay_arrival_solitary_statue, layout_loops_ring
D:2:      layout_loops_corners, ebering_ecumenical_altar_box
D:3:      layout_basic, okawaru_gym_becter, minmay_fountain_box
D:4:      layout_cave_pools, lemuel_temple_firewalk_a, serial_column_ruins,
          column_ruins_square_large, column_ruins_square_small,
          column_ruins_open_medium, column_ruins_columns_straight,
          column_ruins_columns_dead_end
Temple:   corrupted_temple

Skill      XL: |  1  2  3  4  5  6 |
---------------+-------------------+-----
Unarmed Combat | 4 5 |  5.5
Transmutations | 3 4 5 |  5.0
Poison Magic   | 1 2 3 |  3.0
Fighting       | |  1.1
Dodging        | |  1.7
Spellcasting   | |  2.4

Action                   |  1- 3 |  4- 6 |  7- 9 || total
-------------------------+-------+-------+-------++-------
Melee: Unarmed           |    99 |   183 |     5 ||   287
       Kick              |     4 |     2 |       ||     6
       Headbutt          |     4 |     1 |       ||     5
       Tailslap          |     8 |    13 |       ||    21
 Cast: Beastly Appendage |     4 |     2 |       ||     6
       Spider Form       |       |    10 |     1 ||    11
       Wereblood         |       |       |     1 ||     1
  Use: Scroll            |       |     5 |       ||     5
       Potion            |       |       |     1 ||     1
Armor: Skin              |    21 |    54 |       ||    75
Dodge: Dodged            |    53 |   161 |    16 ||   230

Table legend: (Time is in decaauts)
 A = Elapsed time spent in this place.
 B = Non-inter-level travel time spent in this place.
 C = Inter-level travel time spent in this place.
 D = Time resting spent in this place.
 E = Time spent auto-exploring this place.
 F = Levels seen in this place.
 G = Mean time per level.
                   A        B        C        D        E       F      G
               +--------+--------+--------+--------+--------+-----+--------+
         Total |   5032 |   4936 |     96 |    577 |   3480 |   5 | 1006.4 |
       Dungeon |   4981 |   4885 |     96 |    577 |   3459 |   4 | 1245.2 |
        Temple |     50 |     50 |      0 |      0 |     21 |   1 |   50.0 |
               +--------+--------+--------+--------+--------+-----+--------+

Top non-repeatable levels by time:
     D:2: 1396 daAuts
     D:3: 1213 daAuts
     D:4: 1207 daAuts
     D:1: 1164 daAuts
  Temple: 50 daAuts
